Description

Personal Build please ignore

Build Order

Get SALT Encoding   

  14  0:17  Pylon (Chrono Boost)  
  15  0:38  Gateway  
  16  0:48  Assimilator  
  18  0:57  Assimilator (Chrono Boost)  
  19  1:15  Gateway  
  21  1:29  Cybernetics Core  
  22  1:39  Pylon  
  23  1:59  Warp Gate  
  24  2:06  Stalker x2  
  29  2:18  Pylon  
  30  2:36  Stalker x2  
  34  2:59  Nexus  
  34  3:19  Robotics Facility  
  36  3:36  Pylon  
  38  4:00  Observer  
  41  4:11  Gateway x2  
  42  4:22  Immortal  
  48  4:32  Robotics Bay  
  50  4:40  Shield Battery x2  
  50  4:49  Stalker x2  
  56  5:00  Assimilator x2  
  56  5:05  Observer  
  60  5:30  Pylon  
  60  5:35  Nexus  
  62  5:37  Colossus  
  62  5:41  Extended Thermal Lance  
  70  6:00  Stalker x2  
  76  6:16  Forge x2  
  76  6:21  Colossus  
  86  6:42  Protoss Ground Weapons Level 1  
  86  6:43  Protoss Ground Armor Level 1  
  92  7:04  Colossus  
  101  7:26  Twilight Council  
  103  7:33  Assimilator x2  
  104  7:47  Gateway x4  
  104  7:58  Gateway x2  
  104  8:09  Colossus  
  110  8:15  Stalker x2  
  118  8:20  Protoss Ground Weapons Level 2, Protoss Ground Armor Level 2  
  134  9:00  Templar Archives  
  134  9:21  Charge  
  134  9:22  Nexus  
  145  9:46  Warp Prism  
Spawning Tool Build Advisor. Get it on Overwolf

Go to:

Details

  • Created by: frs0sty
  • Published on: Jul 18, 2018
  • Modified on: Jul 18, 2018
  • Patch: 4.0.0
Show
View Real Time Build Order
Export as new Build Order

Comments (0)

There are no comments. Be the first!

Create an account to comment!